 Dungeon Crawl Stone Soup version 0.26.1-10-gdfb7c7de75 (webtiles) character file.

Game seed: 10630937431789135621

119 CrazyMind the Grave Robber (level 5, -1/37 HPs)
             Began as a Gnoll Necromancer on Apr 11, 2021.
             Shot with an arrow by a centaur (10 damage)
             ... on level 4 of the Dungeon.
             The game lasted 00:13:13 (3103 turns).

CrazyMind the Grave Robber (Gnoll Necromancer)      Turns: 3103, Time: 00:13:14

Health: -1/37      AC:  2    Str: 10    XL:     5   Next: 3%
Magic:  12/12      EV: 14    Int: 25    God:
Gold:   137        SH:  4    Dex: 15    Spells: 0/14 levels left

rFire    . . .     SeeInvis .   o - +0 dagger (holy)
rCold    . . .     Faith    .   g - +0 buckler {rPois}
rNeg     . . .     Spirit   .   a - +0 robe
rPois    +         Reflect  .   (no helmet)
rElec    .         Harm     .   (no cloak)
rCorr    .         Rampage  .   (no gloves)
Will     .....                  (no boots)
Stlth    +++.......             (no amulet)
HPRegen  0.12/turn              t - +6 ring of intelligence
MPRegen  0.13/turn              (no ring)

@: no status effects
A: distributed training, fangs 1, strong nose
a: no special abilities


You were on level 4 of the Dungeon.
You visited 1 branch of the dungeon, and saw 4 of its levels.

You collected 137 gold pieces.

Inventory:

Hand Weapons
 o - a +0 dagger of holy wrath (weapon)
Missiles
 d - 49 stones
 f - 5 curare-tipped darts
 i - 17 sling bullets
 s - 23 arrows
Armour
 a - a +0 robe (worn)
 g - a +0 buckler of poison resistance (worn)
 m - a +0 kite shield
Jewellery
 t - a +6 ring of intelligence (left hand)
Wands
 q - a wand of flame (16)
Scrolls
 b - 4 scrolls of amnesia
 l - 7 scrolls of identify
 n - 3 scrolls of remove curse
 p - a scroll of random uselessness {unknown}
 r - a scroll of teleportation
Potions
 c - 2 potions of resistance
 e - 3 potions of heal wounds {unknown}
 h - 3 potions of flight {unknown}
 j - 2 potions of curing {unknown}
 k - a potion of attraction {unknown}


   Skills:
 + Level 1.3 Fighting
 + Level 1.3 Short Blades
 + Level 1.3 Long Blades
 + Level 1.3 Axes
 + Level 1.3 Maces & Flails
 + Level 1.3 Polearms
 + Level 1.3 Staves
 + Level 1.3 Slings
 + Level 1.3 Bows
 + Level 1.3 Crossbows
 + Level 1.3 Throwing
 + Level 1.3 Armour
 + Level 4.7 Dodging
 + Level 4.3 Stealth
 + Level 1.3 Shields
 + Level 1.3 Unarmed Combat
 + Level 5.1 Spellcasting
 + Level 1.0 Conjurations
 + Level 1.0 Hexes
 + Level 1.0 Summonings
 + Level 7.1 Necromancy
 + Level 1.0 Translocations
 + Level 1.0 Transmutations
 + Level 1.0 Fire Magic
 + Level 1.0 Ice Magic
 + Level 1.0 Air Magic
 + Level 1.0 Earth Magic
 + Level 1.0 Poison Magic
 + Level 1.4 Invocations
 + Level 1.3 Evocations


You couldn't memorise any spells.
You knew the following spells:

 Your Spells              Type           Power        Failure   Level
a - Pain                  Necr           100%         1%          1
b - Animate Skeleton      Necr           84%          1%          1
c - Vampiric Draining     Necr           21%          1%          3
d - Animate Dead          Necr           21%          6%          4
e - Agony                 Necr           42%          17%         5

Your spell library contained the following spells:

 Spells                   Type           Power        Failure   Level


Dungeon Overview and Level Annotations

Branches:
Dungeon (4/15)
 Temple: D:4-7

Altars:
Elyvilon
Fedhas
Okawaru
Ru
Sif Muna
Yredelemnul


Innate Abilities, Weirdness & Mutations

Your experience applies equally to all skills.
You have very sharp teeth.
Your uncanny sense of smell can sniff out nearby items.


Message History

You finish memorising.
Spell assigned to 'd'.
This spell is extremely dangerous to cast!
Memorise Agony, consuming 5 spell levels and leaving 0?
You start memorising the spell.
You continue memorising. x5
You finish memorising.
Spell assigned to 'e'.
Unknown command.
Unknown command.
You now have 137 gold pieces (gained 15).
As you open the door, it creaks loudly!
A centaur comes into view.
The centaur shouts!
The centaur wields a +0 shortbow.
The centaur shoots an arrow.
The arrow hits you!
The centaur shoots an arrow.
The arrow hits you!
The centaur shoots an arrow.
The arrow closely misses you.
You see here 2 arrows.
The centaur shoots an arrow.
The arrow hits you!
* * * LOW HITPOINT WARNING * * *
The centaur shoots an arrow.
The arrow hits you!
You die...

###### #....# #....#
#....# #....#
#.#######.†..########
#..............<....#
.######@......######.#
......'(....###
#######c....# #..<..#
#.....# #.....#
#.....# #.##### ..#


You could see a centaur.

Vanquished Creatures
  3 adders
  An ooze (D:2)
  A dart slug (D:2)
  3 leopard geckos
  2 orcs (D:3)
  A giant cockroach (D:2)
  10 goblins
  8 hobgoblins
  11 jackals
  A quokka (D:4)
  13 bats
  5 frilled lizards
  6 kobolds
  11 rats
76 creatures vanquished.

Vanquished Creatures (collateral kills)
  A goblin (D:2)
1 creature vanquished.

Grand Total: 77 creatures vanquished

Notes
Turn   | Place    | Note
-------+----------+-------------------------------------------
     0 | D:1      | CrazyMind the Gnoll Necromancer began the quest for the
                  | Orb.
     0 | D:1      | Reached XP level 1. HP: 13/13 MP: 6/6
    45 | D:1      | Reached XP level 2. HP: 11/19 MP: 2/7
    47 | D:1      | Learned a level 1 spell: Animate Skeleton
   653 | D:1      | Reached XP level 3. HP: 24/25 MP: 7/9
   796 | D:1      | Reached skill level 5 in Spellcasting
  1129 | D:2      | Reached skill level 1 in Invocations
  1267 | D:2      | Found a faded altar of an unknown god.
  1287 | D:2      | Learned a level 3 spell: Vampiric Draining
  1336 | D:2      | Reached skill level 1 in Fighting
  1336 | D:2      | Reached skill level 1 in Short Blades
  1336 | D:2      | Reached skill level 1 in Long Blades
  1336 | D:2      | Reached skill level 1 in Axes
  1336 | D:2      | Reached skill level 1 in Maces & Flails
  1336 | D:2      | Reached skill level 1 in Polearms
  1336 | D:2      | Reached skill level 1 in Staves
  1336 | D:2      | Reached skill level 1 in Slings
  1336 | D:2      | Reached skill level 1 in Bows
  1336 | D:2      | Reached skill level 1 in Crossbows
  1336 | D:2      | Reached skill level 1 in Throwing
  1336 | D:2      | Reached skill level 1 in Armour
  1336 | D:2      | Reached skill level 1 in Shields
  1336 | D:2      | Reached skill level 1 in Unarmed Combat
  1336 | D:2      | Reached skill level 1 in Evocations
  1620 | D:2      | Reached XP level 4. HP: 30/32 MP: 8/11
  2357 | D:3      | Found a basalt altar of Yredelemnul.
  2456 | D:3      | Found an iron altar of Okawaru.
  2458 | D:3      | Reached skill level 1 in Conjurations
  2458 | D:3      | Reached skill level 1 in Hexes
  2458 | D:3      | Reached skill level 1 in Summonings
  2458 | D:3      | Reached skill level 1 in Translocations
  2458 | D:3      | Reached skill level 1 in Transmutations
  2458 | D:3      | Reached skill level 1 in Fire Magic
  2458 | D:3      | Reached skill level 1 in Ice Magic
  2458 | D:3      | Reached skill level 1 in Air Magic
  2458 | D:3      | Reached skill level 1 in Earth Magic
  2458 | D:3      | Reached skill level 1 in Poison Magic
  2605 | D:2      | Found a blossoming altar of Fedhas.
  2682 | D:3      | Found a sacrificial altar of Ru.
  2682 | D:3      | Found a white marble altar of Elyvilon.
  2683 | D:3      | Found a shimmering blue altar of Sif Muna.
  3059 | D:4      | Reached XP level 5. HP: 35/37 MP: 9/12
  3085 | D:4      | Learned a level 4 spell: Animate Dead
  3091 | D:4      | Learned a level 5 spell: Agony
  3096 | D:4      | Noticed a centaur
  3103 | D:4      | Shot with an arrow by a centaur

Illustrated notes

Levels and vault maps discovered:
D:1:      minmay_arrival_semitransparent, layout_rooms
D:2:      lemuel_upstairs_altar, layout_basic,
          chequers_ecumenical_altar_simple_redux, minivault_4,
          chequers_serial_rivers_micro_d, serial_bayou_pond_e
D:3:      layout_basic, gammafunk_temple_overflow_claw,
          nicolae_overflow_crystal_walls, kennysheep_cross_room, okawaru_trees_1
D:4:      layout_basic, minivault_1, makhleb_heckhound_becter

Skill      XL: |  1  2  3  4 |
---------------+-------------+-----
Spellcasting   | 5 |  5.1
Invocations    | 1 |  1.4
Fighting       | 1 |  1.3
Short Blades   | 1 |  1.3
Long Blades    | 1 |  1.3
Axes           | 1 |  1.3
Maces & Flails | 1 |  1.3
Polearms       | 1 |  1.3
Staves         | 1 |  1.3
Slings         | 1 |  1.3
Bows           | 1 |  1.3
Crossbows      | 1 |  1.3
Throwing       | 1 |  1.3
Armour         | 1 |  1.3
Shields        | 1 |  1.3
Unarmed Combat | 1 |  1.3
Evocations     | 1 |  1.3
Conjurations   | 1 |  1.0
Hexes          | 1 |  1.0
Summonings     | 1 |  1.0
Translocations | 1 |  1.0
Transmutations | 1 |  1.0
Fire Magic     | 1 |  1.0
Ice Magic      | 1 |  1.0
Air Magic      | 1 |  1.0
Earth Magic    | 1 |  1.0
Poison Magic   | 1 |  1.0
Dodging        | |  4.7
Stealth        | |  4.3
Necromancy     | |  7.1

Action                   |  1- 3 |  4- 6 || total
-------------------------+-------+-------++-------
Melee: Short sword       |     5 |       ||     5
       Dagger            |     3 |     4 ||     7
 Cast: Pain              |    61 |    39 ||   100
       Animate Skeleton  |     3 |     3 ||     6
  Use: Scroll            |     4 |       ||     4
 Stab: Sleeping          |     6 |     3 ||     9
Armor: Robe              |     2 |     3 ||     5
Dodge: Dodged            |    15 |    15 ||    30
Block: Buckler           |     1 |     3 ||     4
